 Dungeon Crawl Stone Soup version bcrawl-1.27.6 (webtiles) character file.

Game seed: 17575377554169769204

355223 Faustar the Devastator (level 11, -4/61 HPs)
             Began as a Fairy Fire Elementalist on Sept 26, 2020.
             Was an Elder of Vehumet.
             Slain by a yak (11 damage)
             ... on level 8 of the Dungeon.
             The game lasted 00:49:26 (9558 turns).

Faustar the Devastator (Fairy Fire Elementalist)    Turns: 9558, Time: 00:49:27

Health: -4/61      AC:  6    Str:  6    XL:     11   Next: 35%
Magic:  0/27       EV: 33    Int: 21    God:    Vehumet [****..]
Gold:   593        SH:  6    Dex: 14    Spells: 12/30 levels left

rFire    . . .     SeeInvis .   r - +1 short sword (venom)
rCold    . . .     Gourm    .   (shield restricted)
rNeg     . . .     Faith    .   (armour unavailable)
rPois    .         Spirit   +   (no helmet)
rElec    +         Reflect  .   l - scarf {Spirit}
rCorr    .         Harm     .   (no gloves)
MR       ++...                  (no boots)
Stlth    +.........             s - amulet of the acrobat
HPRegen  0.20/turn              D - ring of protection from magic
MPRegen  0.20/turn              w - ring of insulation

@: flying evasively
A: small, magic attunement, unstealthy, unfitting armour, able to fly, AC/SH +6
a: Stop Flying, Renounce Religion


You were on level 8 of the Dungeon.
You worshipped Vehumet.
Vehumet was greatly pleased with you.
You were hungry.

You visited 3 branches of the dungeon, and saw 12 of its levels.
You also visited: Ossuary.

You collected 593 gold pieces.

Inventory:

Hand Weapons
 r - a +1 short sword of venom (weapon)
Missiles
 b - 1911 stones (quivered)
Armour
 l - a scarf of spirit shield (worn)
 n - a +0 helmet
Jewellery
 s - an amulet of the acrobat (around neck)
 u - an uncursed ring of see invisible
 w - a ring of insulation (right hand)
 D - a ring of protection from magic (left hand)
Wands
 B - a wand of flame (16)
 H - a wand of disintegration (8)
 I - a wand of acid (8)
Scrolls
 a - 6 scrolls of teleportation
 h - 8 scrolls of remove curse
 k - a scroll of magic mapping {unknown}
 m - 2 scrolls of fear {unknown}
 o - 3 scrolls of immolation
 p - 2 scrolls of amnesia {unknown}
 q - 2 scrolls of enchant weapon {unknown}
 y - a scroll of noise {unknown}
 C - 2 scrolls of blinking
 E - a scroll of enchant armour {unknown}
 K - a scroll of fog {unknown}
Potions
 c - 9 potions of curing {unknown}
 d - 4 potions of heal wounds
 f - 2 potions of agility {unknown}
 g - 5 potions of haste
 i - 5 potions of flight
 j - a potion of cancellation
 t - a potion of brilliance {unknown}
 x - a potion of might
 z - 2 potions of lignification
 A - 2 potions of ambrosia
 F - 2 potions of mutation
 G - a potion of berserk rage
 J - a potion of invisibility
Comestibles
 e - 13 rations {!d}


   Skills:
 - Level 2.6 Dodging
 - Level 1.5 Stealth
 - Level 10.0 Spellcasting
 + Level 15.0 Conjurations
 - Level 4.0 Hexes
 - Level 4.0 Charms
 - Level 7.0 Fire Magic


You had 12 spell levels left.
You knew the following spells:

 Your Spells              Type           Power        Failure   Level  Hunger
a - Flame Tongue          Conj/Fire      #####        1%          1    None
b - Flaming Arrows        Chrm/Fire      ####....     1%          2    None
c - Conjure Flame         Conj/Fire      ######..     1%          3    None
d - Inner Flame           Hex/Fire       N/A          1%          3    None
e - Sticky Flame          Conj/Fire      ######..     1%          4    None
f - Fireball              Conj/Fire      ######....   1%          5    None

Your spell library contained the following spells:

 Spells                   Type           Power        Failure   Level  Hunger
 Bolt of Cold             Conj/Ice       #####.....   12%         6    None
 Beastly Appendage        Tmut           ##....       6%          1    None
 Passwall                 Tmut/Erth      ##......     10%         2    None
 Sticks to Snakes         Tmut           ##......     10%         2    None
 Spider Form              Tmut/Pois      ##.          19%         3    None
 Ice Form                 Ice/Tmut       ##......     54%         4    None
 Blade Hands              Tmut           ##........   87%         5    None


Dungeon Overview and Level Annotations

Branches:
Dungeon (10/12)            Temple (1/1) D:7            Lair (1/6) D:8
    Orc: D:8-11

Altars:
Ashenzari
Fedhas
Lugonu
Makhleb
Nemelex Xobeh
Okawaru
Trog
Vehumet
Xom
Yredelemnul
Zin
The Shining One

Shops:
D:6 %   D:7 (

Annotations:
D:5 2 transporters, Winsalot's ghost, novice OnNe
D:6 Quickbrownfox's ghost, novice DsAc


Innate Abilities, Weirdness & Mutations

Your spells do not cause hunger and MP costs are reduced by 1.
Your bright wings attract enemies. (Stealth-)
You cannot fit into any form of body armour.
Your shimmering scales are hard and can block incoming attacks. (AC +6, SH +6)
You are small and have problems with some larger weapons.
You can fly continuously.


Message History

The yak is covered in liquid flames!
The yak burns! x2
The yak barely misses you. The yak gores you! The yak gores you.
Casting: Sticky Flame (safe; 1% risk of failure)
Confirm with . or Enter, or press ? or * to list all spells.
Aiming: Sticky Flame (safe; 1% risk of failure)
Press: ? - help, Shift-Dir - straight line, f - yak, p - yak
Aim: a yak The sticky flame hits the yak.
The yak is lightly wounded.
The yak is covered in liquid flames!
The yak burns! x3; The yak stops burning.
The yak closely misses you. The yak gores you!
* * * LOW HITPOINT WARNING * * *
The yak barely misses you. The yak burns! x2; The yak gores you!
* * * LOW HITPOINT WARNING * * *
Okay, then.
The yak burns! x2
The yak burns!
The yak stops burning.
The yak burns!
The yak stops burning.
The yak gores you!
You die...

######## ##......#
##...###.#
#.....##.#
.......#.#
.P..P..#.#
.........#########
.............YYY.#
...>......######@#
........### #.#
........# #.#
.....P.## #.#
..P.P..# #.#
#.....## #.#
##...### #.##
(##.##.## #..#
.##.....######
##.##


You could see 3 yaks.

Vanquished Creatures
  A hydra (D:10)
  A manticore (D:10)
  An elephant (D:8)
  Joseph (D:7)
  Prince Ribbit (D:7)
  4 hippogriffs
  9 yaks
  A basilisk (D:8)
  A wyvern (D:8)
  A steam dragon (D:6)
  A hungry ghost (D:7)
  A crocodile (D:8)
  A soldier ant (D:9)
  4 sky beasts
  2 orc warriors (D:9)
  An eye of draining (D:9)
  An ice beast (D:6)
  A necrophage (D:8)
  3 phantoms
  An ogre (D:7)
  2 centaurs
  4 bullfrogs
  10 scorpions
  A water moccasin skeleton (D:10)
  4 howler monkeys
  3 crimson imps
  5 centaur zombies
  A quasit (D:5)
  5 hounds
  Crazy Yiuf (D:6)
  3 orc priests
  A centaur skeleton (D:9)
  2 jellies (D:8)
  5 orc wizards
  3 human zombies (Ossuary)
  Jessica (D:2)
  2 iguanas
  3 worker ants
  A big kobold zombie (Ossuary)
  A hound zombie (D:7)
  A worker ant zombie (D:6)
  2 mummies (Ossuary)
  Robin (D:3)
  7 gnolls
  11 adders
  3 scorpion zombies (Ossuary)
  An ooze (D:3)
  10 worms
  6 leopard geckos
  29 orcs
  2 giant cockroaches (D:3)
  4 gnoll zombies (Ossuary)
  12 goblins
  11 hobgoblins
  15 jackals
  11 kobolds
  2 quokkas
  3 bats
  6 frilled lizards
  4 goblin zombies (Ossuary)
  A kobold zombie (Ossuary)
  2 orc zombies (Ossuary)
  A quokka skeleton (D:5)
  5 rats
  A butterfly (D:7)
246 creatures vanquished.

Vanquished Creatures (others)
  A scorpion (Ossuary)
  A mummy (Ossuary)
  A scorpion zombie (Ossuary)
3 creatures vanquished.

Grand Total: 249 creatures vanquished

Notes
Turn   | Place    | Note
-------+----------+-------------------------------------------
     0 | D:1      | Faustar the Fairy Fire Elementalist began the quest for the
                  | Orb.
     0 | D:1      | Reached XP level 1. HP: 11/11 MP: 6/6
   151 | D:1      | Reached XP level 2. HP: 17/17 MP: 8/8
   247 | D:1      | Reached skill level 2 in Conjurations
   600 | D:2      | Found a radiant altar of Vehumet.
   606 | D:2      | Noticed Jessica
   615 | D:2      | Killed Jessica
   615 | D:2      | Reached XP level 3. HP: 20/21 MP: 10/10
   632 | D:2      | Became a worshipper of Vehumet
   647 | D:2      | Reached skill level 3 in Conjurations
   659 | D:2      | Learned a level 2 spell: Flaming Arrows
   773 | D:2      | Reached skill level 1 in Charms
   773 | D:2      | Reached XP level 4. HP: 25/27 MP: 11/11
   894 | D:2      | Learned a level 3 spell: Conjure Flame
  1231 | D:2      | Reached XP level 5. HP: 31/31 MP: 12/12
  1381 | D:3      | Found a glowing silver altar of Zin.
  1491 | D:3      | Reached * piety under Vehumet
  1491 | D:3      | Offered knowledge of Sting by Vehumet.
  1658 | D:3      | Noticed Robin
  1677 | D:3      | Killed Robin
  1740 | D:3      | Reached skill level 5 in Spellcasting
  1834 | D:3      | Reached XP level 6. HP: 28/36 MP: 11/15
  1857 | D:3      | Learned a level 3 spell: Inner Flame
  2053 | D:3      | Reached ** piety under Vehumet
  2053 | D:3      | Offered knowledge of Magic Dart by Vehumet.
  2135 | D:3      | Noticed a moth of wrath
  2138 | D:3      | Found a bloodstained altar of Trog.
  2564 | D:4      | Reached skill level 5 in Fire Magic
  2635 | D:4      | Found a basalt altar of Yredelemnul.
  2797 | D:4      | Reached skill level 4 in Conjurations
  2886 | D:4      | Found a blossoming altar of Fedhas.
  3148 | D:5      | Entered Level 5 of the Dungeon
  3193 | D:5      | Reached skill level 5 in Conjurations
  3193 | D:5      | Reached XP level 7. HP: 38/41 MP: 16/16
  3217 | D:5      | Learned a level 4 spell: Sticky Flame
  3230 | D:5      | Reached skill level 6 in Conjurations
  3382 | D:5      | Offered knowledge of Ignite Poison by Vehumet.
  3382 | D:5      | Reached skill level 1 in Hexes
  3413 | D:5      | Identified the cursed +0 dire flail "Hell-Harrower" {crush,
                  | Int+7 Dex+2}
  3544 | D:5      | Found a sparkling altar of Nemelex Xobeh.
  3545 | D:5      | Found a sand-covered staircase.
  3675 | Ossuary  | Entered an ossuary
  3947 | Ossuary  | Reached *** piety under Vehumet
  4121 | Ossuary  | Reached XP level 8. HP: 44/46 MP: 17/17
  4489 | Ossuary  | Offered knowledge of Stone Arrow by Vehumet.
  5065 | D:5      | Found a transporter.
  5066 | D:5      | Noticed Winsalot's ghost (novice OnNe)
  5071 | D:5      | Found a transporter.
  5234 | D:6      | Learned a level 5 spell: Fireball
  5327 | D:6      | Reached XP level 9. HP: 51/51 MP: 17/22
  5347 | D:6      | Reached **** piety under Vehumet
  5390 | D:6      | Found Conuciow's Food Boutique.
  5535 | D:6      | Found an iron altar of Okawaru.
  5612 | D:6      | Found a runed door.
  5655 | D:6      | Offered knowledge of Yara's Violent Unravelling by Vehumet.
  5663 | D:6      | Found a glowing golden altar of the Shining One.
  5771 | D:6      | Found a runed translucent door.
  5772 | D:6      | Noticed Quickbrownfox's ghost (novice DsAc)
  5927 | D:7      | Reached skill level 10 in Spellcasting
  6020 | D:6      | Noticed Crazy Yiuf
  6026 | D:6      | Killed Crazy Yiuf
  6200 | D:7      | Reached skill level 7 in Conjurations
  6235 | D:7      | Noticed Prince Ribbit
  6242 | D:7      | Killed Prince Ribbit
  6371 | D:7      | Found a staircase to the Ecumenical Temple.
  6380 | D:7      | Reached skill level 8 in Conjurations
  6566 | D:7      | Noticed Joseph
  6577 | D:7      | Killed Joseph
  6577 | D:7      | Reached skill level 9 in Conjurations
  6656 | D:7      | Reached XP level 10. HP: 56/56 MP: 26/26
  6968 | D:7      | Found Viffa's Weapon Boutique.
  6999 | Temple   | Entered the Ecumenical Temple
  7046 | D:8      | Reached skill level 10 in Conjurations
  7264 | D:8      | Found a staircase to the Lair.
  7264 | D:8      | Noticed an elephant
  7275 | D:8      | Reached skill level 11 in Conjurations
  7282 | D:8      | Killed an elephant
  7600 | D:8      | Reached skill level 12 in Conjurations
  8118 | D:9      | Reached skill level 13 in Conjurations
  8199 | D:9      | Reached ***** piety under Vehumet
  8324 | D:9      | Offered knowledge of Bolt of Cold by Vehumet.
  8454 | D:9      | Found a shimmering altar of Xom.
  8454 | D:9      | Found a burning altar of Makhleb.
  8735 | D:9      | Reached XP level 11. HP: 46/61 MP: 7/27
  9109 | D:9      | Found a shattered altar of Ashenzari.
  9130 | D:9      | Reached skill level 14 in Conjurations
  9297 | D:10     | Entered Level 10 of the Dungeon
  9405 | D:10     | Noticed a five-headed hydra
  9429 | D:10     | Noticed a manticore
  9430 | D:10     | Killed a five-headed hydra
  9439 | D:10     | Killed a manticore
  9535 | Lair:1   | Entered Level 1 of the Lair of Beasts
  9544 | D:8      | Reached skill level 15 in Conjurations
  9558 | D:8      | Slain by a yak

Skill      XL: |  1  2  3  4  5  6  7  8  9 10 11 |
---------------+----------------------------------+-----
Spellcasting   | 3 5 7 10 | 10.0
Conjurations   | 2 3 5 6 9 13 15 | 15.0
Charms         | 1 2 3 4 |  4.0
Fire Magic     | 4 5 7 |  7.0
Hexes          | 3 4 |  4.0
Dodging        | |  2.6
Stealth        | |  1.5

Action                   |  1- 3 |  4- 6 |  7- 9 | 10-12 || total
-------------------------+-------+-------+-------+-------++-------
Melee: Unarmed           |    13 |    19 |       |     8 ||    40
       Short sword       |       |     7 |   116 |    54 ||   177
Throw: Stone             |       |     3 |       |       ||     3
 Cast: Flame Tongue      |    31 |   190 |   188 |    82 ||   491
       Flaming Arrows    |       |     4 |       |       ||     4
       Conjure Flame     |       |    10 |    20 |    20 ||    50
       Inner Flame       |       |       |     4 |     6 ||    10
       Sticky Flame      |       |       |    18 |    23 ||    41
       Fireball          |       |       |     2 |    13 ||    15
  Use: Scroll            |       |     5 |     3 |     7 ||    15
  Eat: Chunk             |       |     9 |    13 |    12 ||    34
       Ration            |       |       |     1 |       ||     1
Armor: Skin              |     2 |    12 |    28 |    15 ||    57
Dodge: Dodged            |    15 |    68 |   133 |    67 ||   283
Block: Other             |     3 |    25 |    42 |    28 ||    98
